 Seeded DCSS version 0.30.1-9-gdf580d7c3d (webtiles) character file.

Game seed: 757638 (custom seed)

480 lonewolfV2 the Covered (level 7, -6/54 HPs)
             Began as a Formicid Fighter on Sept 27, 2023.
             Mangled by ShellytheWitch's ghost (17 damage)
             ... on level 4 of the Dungeon.
             The game lasted 00:04:43 (4152 turns).

lonewolfV2 the Covered (Formicid Fighter)           Turns: 4152, Time: 00:04:43

Health: -6/54      AC:  7    Str: 34    XL:     7   Next: 34%
Magic:  7/7        EV: 10    Int:  8    God:
Gold:   164        SH:  5    Dex: 13    Spells: 6/6 levels left

rFire   . . .        a - +0 war axe (spect)
rCold   . . .        c - +0 buckler
rNeg    . . .        b - +0 scale mail
rPois   .            (helmet unavailable)
rElec   .            (no cloak)
rCorr   .            (no gloves)
SInv    +            (no boots)
Will    .....        (no amulet) Stlth
                     f - +6 ring of strength
HPRegen 0.29/turn    e - +6 ring of strength
MPRegen 0.10/turn

%: no passive effects
@: no status effects
A: permanent stasis, dig shafts and tunnels, antennae 3, four strong arms
a: Dig, Shaft Self


You were on level 4 of the Dungeon.
You visited 1 branch of the dungeon, and saw 4 of its levels.

You collected 164 gold pieces.

Inventory:

Hand Weapons
 a - a +0 spectral war axe (weapon)
Armour
 b - a +0 scale mail (worn)
 c - a +0 buckler (worn)
Jewellery
 e - a +6 ring of strength (right hand)
 f - a +6 ring of strength (left hand)
 l - a +4 ring of slaying
Wands
 h - a wand of flame (28)
Scrolls
 k - a scroll of identify
Potions
 d - a potion of might
 g - 2 potions of degeneration
 i - 2 potions of mutation
 j - a potion of heal wounds {unknown}


   Skills:
 + Level 4.1 Fighting
 + Level 4.6 Axes
 + Level 5.6 Armour
 + Level 0.8 Dodging
 + Level 0.3 Stealth
 + Level 5.5 Shields


You had 6 spell levels left.
You didn't know any spells.
Your spell library contained the following spells:

 Spells                   Type           Power      Damage    Failure   Level
 Beastly Appendage        Tmut           0%         N/A       65%         1
 Wereblood                Tmut           0%         N/A       80%         2
 Spider Form              Tmut/Pois      0%         N/A       95%         3


Dungeon Overview and Level Annotations

Branches:
Dungeon (4/15)
 Temple: D:4-7

Altars:
Kikubaaqudgha
Makhleb
Wu Jian
Xom

Annotations:
D:4 ShellytheWitch's ghost, novice HOFi


Innate Abilities, Weirdness & Mutations

You cannot be hasted, slowed, berserked, paralysed or teleported.
You can dig through walls and to a lower floor.
You have a pair of large antennae on your head. (SInv)
Your four strong arms can wield two-handed weapons with a shield.


Message History

You sense a monster nearby.
You sense a monster nearby.
Found a runed translucent door.
The adder hisses angrily.
You hear an angry hiss. x2
The adder hisses angrily.
The adder hisses angrily.
Found a dagger.
k - a scroll of identify You open the door.
The adder bites you.
You slash the adder!
You kill the adder!
The adder bites you but does no damage.
You closely miss the adder.
Your +0 spectral war axe hits the adder!
You kill the adder!
The adder bites you but does no damage.
ShellytheWitch's ghost sneers, "Do you call that fighting?"
You hit the adder.
The adder is heavily wounded.
Your +0 spectral war axe hits the adder!
You kill the adder!
ShellytheWitch's ghost hits your +0 spectral war axe.
Your spectral weapon shares its damage with you!
You swap places.
Your +0 spectral war axe disappears.
ShellytheWitch's ghost hits you but does no damage.
There is an open translucent door, spattered with blood here.
Things that are here:
an adder corpse; an adder corpse You barely miss ShellytheWitch's ghost.
ShellytheWitch's ghost hits you. x2
You barely miss ShellytheWitch's ghost. ShellytheWitch's ghost hits you!
You completely miss ShellytheWitch's ghost.
ShellytheWitch's ghost hits you but does no damage.
You closely miss ShellytheWitch's ghost.
ShellytheWitch's ghost hits you!
* * * LOW HITPOINT WARNING * * *
You slash ShellytheWitch's ghost!
ShellytheWitch's ghost is lightly damaged.
ShellytheWitch's ghost hits you!
You die...

.....#.............##..##
...#.........#..........#
..##.........#.....##..###
......................##.##
.#.............#.#........#
.#........####...###......#
...#.......# #....#.......#
##.###...########........##
⌠#.#⌠#...#~)~~~W@.......##
..)..#...########..##...#
)._.)#............#.##.##
.....#..#...........# .#
######.##............###
.......##...........##
....##.##..........##
....#..#..........##
..................#


You could see ShellytheWitch's ghost.

Vanquished Creatures
  Blork the orc (D:4)
  An orc priest (D:4)
  A hound (D:4)
  A jelly (D:4)
  An iguana (D:4)
  An orc wizard (D:3)
  Natasha (twice) (D:3)
  3 gnolls (D:4)
  8 adders
  2 dart slugs
  13 orcs
  10 endoplasms
  3 giant cockroaches
  12 goblins
  6 hobgoblins
  4 jackals (D:1)
  3 kobolds
  3 quokkas (D:1)
  15 ball pythons
  10 bats
  3 frilled lizards
  12 rats
115 creatures vanquished.

Notes
Turn   | Place    | Note
-------+----------+-------------------------------------------
     0 | D:1      | lonewolfV2 the Formicid Fighter began the quest for the
                  | Orb.
     0 | D:1      | Reached XP level 1. HP: 18/18 MP: 1/1
    80 | D:1      | Reached XP level 2. HP: 8/24 MP: 2/2
   344 | D:1      | Reached XP level 3. HP: 29/29 MP: 3/3
   527 | D:1      | Found a faded altar of an unknown god.
   912 | D:2      | Reached skill level 5 in Shields
   912 | D:2      | Reached XP level 4. HP: 35/36 MP: 4/4
  1761 | D:3      | Reached XP level 5. HP: 42/42 MP: 5/5
  1801 | D:3      | Found a shimmering altar of Xom.
  1817 | D:3      | Found an ancient bone altar of Kikubaaqudgha.
  1935 | D:3      | Found a burning altar of Makhleb.
  2251 | D:3      | Noticed Natasha
  2259 | D:3      | Killed Natasha
  2565 | D:3      | Noticed Natasha
  2570 | D:3      | Killed Natasha
  2571 | D:3      | Reached XP level 6. HP: 46/48 MP: 6/6
  2899 | D:4      | Reached skill level 5 in Armour
  3593 | D:4      | Noticed Blork the orc
  3597 | D:4      | Reached XP level 7. HP: 38/54 MP: 7/7
  3602 | D:4      | HP: 1/54 [Blork the orc/+0 dire flail (10)]
  3607 | D:4      | Killed Blork the orc
  4099 | D:4      | Found an ornate altar of the Wu Jian Council.
  4120 | D:4      | Found a runed translucent door.
  4124 | D:4      | Noticed ShellytheWitch's ghost (novice HOFi)
  4152 | D:4      | Mangled by ShellytheWitch's ghost

Illustrated notes

Levels and vault maps discovered:
D:1:      dpeg_arrival_stonehenge_8_columns, layout_rooms,
          dilly_ecumenical_altar_fadedgnrine, minmay_misc_feat_more_columns,
          st_stairs_2, minmay_crystal_room, minivault_4
D:2:      layout_basic, chequers_serial_rivers_marsh
D:3:      layout_basic, mainiacjoe_overflow_surrounded_room, old_standard_altar,
          lemuel_crystal_altar, guppyfry_early_orc_mine, uniq_natasha
D:4:      layout_cave_pools, mainiacjoe_overflow_alcove_2,
          ebering_ghost_sewer_d, uniq_blork_the_orc

Skill      XL: |  1  2  3  4  5  6 |
---------------+-------------------+-----
Shields        | 5 |  5.5
Axes           | 3 4 |  4.6
Armour         | 4 5 |  5.6
Fighting       | 4 |  4.1
Dodging        | |  0.8
Stealth        | |  0.3

Action                     |  1- 3 |  4- 6 |  7- 9 || total
---------------------------+-------+-------+-------++-------
  Melee: War axe           |   121 |   156 |    16 ||   293
    Use: Scroll            |     3 |     2 |     1 ||     6
         Potion            |       |       |     2 ||     2
 Armour: Scale mail        |    92 |   100 |     4 ||   196
  Dodge: Dodged            |    88 |    98 |     3 ||   189
  Block: Buckler           |    38 |    51 |     2 ||    91
